 Dungeon Crawl Stone Soup version 0.29.0-4-gdea44cf6ec (webtiles) character file.

Game seed: 2732686051034224307

2074 qw the Grappler (level 9, -2/81 HPs)
             Began as a Troll Cinder Acolyte on Sept 1, 2022.
             Was a Priest of Ignis.
             Slain by a vampire (8 damage)
             ... on level 7 of the Dungeon.
             The game lasted 00:02:52 (5013 turns).

qw the Grappler (Troll Cinder Acolyte)              Turns: 5013, Time: 00:02:52

Health: -2/81      AC:  4    Str: 28    XL:     9   Next: 6%
Magic:  9/9        EV:  8    Int: 10    God:    Ignis [***...]
Gold:   284        SH:  8    Dex:  5    Spells: 10/10 levels left

rFire   + . .      SeeInvis .     - Unarmed
rCold   . . .      Faith    .   f - +0 kite shield
rNeg    . . .      Spirit   .   a - +0 robe
rPois   .          Reflect  .   (helmet restricted)
rElec   .          Harm     .   (no cloak)
rCorr   .          Rampage  .   (gloves unavailable)
Will    .....                   (boots unavailable)
Stlth   +.........              b - amulet of the acrobat
HPRegen 1.03/turn               (no ring)
MPRegen 0.11/turn               (no ring)

@: no status effects
A: large, unfitting armour, claws 3, regeneration 1, shaggy fur 1, tough skin 1
a: Renounce Religion, Fiery Armour, Foxfire Swarm, Rising Flame


You were on level 7 of the Dungeon.
You worshipped Ignis.
Ignis was most pleased with you.
You visited 1 branch of the dungeon, and saw 7 of its levels.

You collected 284 gold pieces.


Innate Abilities, Weirdness & Mutations

You are too large for most types of armour.
You have claws for hands.
Your natural rate of healing is unusually fast.
You are covered in fur. (AC +1)
You have tough skin. (AC +1)


   Skills:
 - Level 3.1 Fighting
 - Level 1.9 Throwing
 + Level 6.7 Shields
 - Level 9.1 Unarmed Combat
 - Level 1.0 Spellcasting
 - Level 2.1 Fire Magic


You had 10 spell levels left.
You didn't know any spells.
Your spell library contained the following spells:

 Spells                   Type           Power      Damage    Failure   Level
 Scorch                   Fire           8%         2d5       41%         2

Inventory:

Armour
 a - a +0 robe (worn)
 f - a +0 kite shield (worn)
Jewellery
 b - an amulet of the acrobat (around neck)
Scrolls
 j - a scroll of identify
Potions
 c - a potion of haste
 h - 2 potions of might
 k - a potion of mutation {unknown}

Dungeon Overview and Level Annotations

Branches:
Dungeon (7/15)             Temple (0/1) D:4

Altars:

Shops:
D:6 *


Message History

The vampire flickers and vanishes!
Deactivating autopickup; reactivate with Ctrl-A.
You block the kobold's attack.
You scratch the kobold.
You kill the kobold!
You mangle the kobold!!
You kill the kobold!
The kobold throws a stone.
The stone hits you. You block the kobold's attack.
Things that are here:
a +0 short sword; a +0 club; 3 stones You closely miss the kobold.
The kobold hits you but does no damage.
You closely miss the kobold. The kobold hits you but does no damage.
You mangle the kobold!!
You kill the kobold!
You swing at nothing.
Something hits you! Something bites you!
Something draws strength from your injuries!
You swing at nothing.
Something hits you! Something bites you!
Something draws strength from your injuries!
You swing at nothing.
Something hits you but does no damage. Something bites you!
Something draws strength from your injuries!
You claw something! Something hits you. Something bites you but does no damage.
You barely miss something. Something draws life force from you!
You miss something. You barely miss something. Something hits you!
Something bites you!
Something draws strength from your injuries!
You barely miss something.
You hear some strange, mumbled words.
Something tries to affect you, but you resist.
You closely miss something. Something hits you! Something bites you!
You die...

........... #..
........#.. ...
#....... #.#
....#....#
#.##.########.....
#.##..........#..#
#.##..##########..
#{##..# ##.
#@##..############
#.##...........###
#.##........[.....
#.###....#####.###
#.###.##.# #.#
#.....##.# #.#
########.# #.# ...
... .## #.#


There were no monsters in sight!

Vanquished Creatures
  Sigmund (D:4)
  A vampire (D:7)
  Edmund (D:6)
  A water moccasin (D:7)
  A sky beast (D:7)
  3 ogres
  A phantom (D:6)
  2 kobold brigands
  A necrophage (D:5)
  4 bullfrogs
  2 scorpions (D:3)
  3 hounds
  A gnoll bouda (D:5)
  2 orc priests
  2 iguanas (D:5)
  Ijyb (D:5)
  An orc wizard (D:6)
  12 gnolls
  7 adders
  An ufetubus (D:5)
  2 worms (D:2)
  A dart slug (D:2)
  15 orcs
  3 endoplasms
  3 giant cockroaches
  2 goblins (D:4)
  8 hobgoblins
  7 quokkas
  6 ball pythons
  3 bats
  A frilled lizard (D:2)
  18 kobolds
  2 rats
119 creatures vanquished.

Vanquished Creatures (others)
  10 fungi (D:4)
10 creatures vanquished.

Grand Total: 129 creatures vanquished

Notes
Turn   | Place    | Note
-------+----------+-------------------------------------------
     0 | D:1      | qw the Troll Cinder Acolyte began the quest for the Orb.
     0 | D:1      | Reached XP level 1. HP: 22/22 MP: 1/1
     0 | D:1      | 0 ||| qw: Version: 0.1-a-97-g2dd2ca4
     0 | D:1      | 0 ||| qw: Game counter: 4870
     0 | D:1      | 0 ||| qw: Always use a shield: true
     0 | D:1      | 0 ||| qw: God list: Okawaru
     0 | D:1      | 0 ||| qw: Allow faded altars: false
     0 | D:1      | 0 ||| qw: Do Orc after D:15 true
     0 | D:1      | 0 ||| qw: Do second Lair branch before Depths: true
     0 | D:1      | 0 ||| qw: Lair rune preference: random
     0 | D:1      | 0 ||| qw: Plans: Normal
     0 | D:1      | 0 ||| PLANNING D:1-11
    38 | D:1      | 38 ||| Stepping ~*~*~tactically~*~*~ (outnumbered).
    42 | D:1      | 42 ||| Stepping ~*~*~tactically~*~*~ (outnumbered).
   185 | D:1      | Found a faded altar of an unknown god.
   202 | D:1      | Reached XP level 2. HP: 29/29 MP: 2/2
   456 | D:1      | 456 ||| READING scroll labelled EBRUOSOOTSO.
   461 | D:1      | 461 ||| READING scroll labelled JOL XASHREOBRURR.
   542 | D:2      | Reached skill level 4 in Unarmed Combat
   698 | D:2      | 698 ||| READING scroll labelled BUACLI OW NEH.
   878 | D:2      | Reached XP level 3. HP: 32/36 MP: 3/3
   896 | D:2      | Identified the +1 plate armour of the Gusle {+Inv}
   954 | D:2      | 954 ||| Stepping ~*~*~tactically~*~*~ (hiding).
   955 | D:2      | 955 ||| Stepping ~*~*~tactically~*~*~ (hiding).
  1240 | D:2      | 1240 ||| READING 2 scrolls labelled QIPOFR HUPU.
  1241 | D:2      | 1241 ||| READING scroll labelled NIL COEFI UCE.
  1242 | D:2      | 1242 ||| DROPPING scroll of immolation.
  1287 | D:3      | Noticed a scorpion
  1293 | D:3      | Killed a scorpion
  1294 | D:3      | Reached skill level 5 in Unarmed Combat
  1294 | D:3      | Reached XP level 4. HP: 42/44 MP: 4/4
  1301 | D:3      | 1301 ||| STAIRDANCE
  1486 | D:3      | 1486 ||| Stepping ~*~*~tactically~*~*~ (stealth).
  1584 | D:3      | 1584 ||| Stepping ~*~*~tactically~*~*~ (outnumbered).
  1592 | D:3      | Reached XP level 5. HP: 46/50 MP: 5/5
  1762 | D:3      | Reached skill level 6 in Unarmed Combat
  1795 | D:3      | 1795 ||| UPGRADING to +0 kite shield.
  1800 | D:3      | 1800 ||| READING scroll labelled EFYDIO TAMEI.
  1801 | D:3      | 1801 ||| READING 2 scrolls labelled NIMEXU MUENIO.
  1802 | D:3      | 1802 ||| READING scroll labelled KAER CECIXU.
  1823 | D:4      | Noticed an ogre
  1829 | D:4      | 1829 ||| INVOKING Fiery Armour.
  1829 | D:4      | HP: 8/50 [ogre/+0 giant club (9)]
  1829 | D:4      | Killed an ogre
  1830 | D:4      | Reached XP level 6. HP: 10/59 MP: 6/6
  1830 | D:4      | 1830 ||| STAIRDANCE
  1911 | D:4      | Noticed Sigmund
  1912 | D:4      | 1912 ||| READING 2 scrolls of identify.
  1912 | D:4      | 1912 ||| IDENTIFYING silvery potion
  1913 | D:4      | 1913 ||| DROPPING potion of degeneration.
  1914 | D:4      | 1914 ||| Stepping randomly (stuck).
  1915 | D:4      | 1915 ||| Stepping randomly (stuck).
  1917 | D:4      | 1917 ||| Stepping ~*~*~tactically~*~*~ (hiding).
  1938 | D:4      | HP: 14/59 [something (8)]
  1948 | D:4      | HP: 13/59 [something/magic dart (4)]
  1950 | D:4      | Killed Sigmund
  1951 | D:4      | Reached skill level 3 in Shields
  2016 | D:4      | 2016 ||| Stepping ~*~*~tactically~*~*~ (stealth).
  2017 | D:4      | 2017 ||| Stepping ~*~*~tactically~*~*~ (stealth).
  2068 | D:4      | 2068 ||| Stepping ~*~*~tactically~*~*~ (stealth).
  2079 | D:4      | Reached XP level 7. HP: 46/66 MP: 7/7
  2123 | D:4      | 2123 ||| FLEEEEING.
  2168 | D:4      | 2168 ||| Stepping ~*~*~tactically~*~*~ (stealth).
  2190 | D:4      | 2190 ||| Stepping ~*~*~tactically~*~*~ (outnumbered).
  2191 | D:4      | 2191 ||| Stepping ~*~*~tactically~*~*~ (outnumbered).
  2193 | D:4      | 2193 ||| Stepping ~*~*~tactically~*~*~ (outnumbered).
  2196 | D:4      | 2196 ||| INVOKING Fiery Armour.
  2563 | D:4      | Found a staircase to the Ecumenical Temple.
  2739 | D:4      | 2739 ||| READING scroll labelled YCHAOL SAYHYTT.
  2740 | D:4      | 2740 ||| READING scroll labelled AXEEL TIEMEBB.
  2741 | D:4      | 2741 ||| READING scroll labelled CIOLOE RUMELO.
  2742 | D:4      | 2742 ||| READING scroll labelled IGRIZ JAISS.
  2743 | D:4      | 2743 ||| READING 4 scrolls of identify.
  2743 | D:4      | 2743 ||| IDENTIFYING white potion
  2744 | D:4      | 2744 ||| READING 3 scrolls of identify.
  2744 | D:4      | 2744 ||| IDENTIFYING sedimented yellow potion
  2745 | D:4      | 2745 ||| READING 2 scrolls of identify.
  2745 | D:4      | 2745 ||| IDENTIFYING glowing yellow potion
  2746 | D:4      | 2746 ||| DROPPING potion of attraction.
  2747 | D:4      | 2747 ||| DROPPING potion of lignification.
  2748 | D:4      | 2748 ||| Stepping randomly (stuck).
  2749 | D:4      | 2749 ||| Stepping ~*~*~tactically~*~*~ (cloud).
  2809 | D:5      | Entered Level 5 of the Dungeon
  2849 | D:5      | 2849 ||| Stepping ~*~*~tactically~*~*~ (stealth).
  2858 | D:5      | 2858 ||| Stepping ~*~*~tactically~*~*~ (outnumbered).
  2865 | D:5      | Reached skill level 7 in Unarmed Combat
  2956 | D:5      | 2956 ||| Stepping ~*~*~tactically~*~*~ (stealth).
  2963 | D:5      | 2963 ||| Stepping ~*~*~tactically~*~*~ (stealth).
  2987 | D:5      | 2987 ||| Stepping ~*~*~tactically~*~*~ (stealth).
  2990 | D:5      | 2990 ||| Stepping ~*~*~tactically~*~*~ (stealth).
  3241 | D:5      | Noticed Ijyb
  3243 | D:5      | Killed Ijyb
  3280 | D:5      | 3280 ||| Stepping ~*~*~tactically~*~*~ (stealth).
  3340 | D:5      | Reached skill level 6 in Shields
  3340 | D:5      | Reached XP level 8. HP: 74/74 MP: 8/8
  3353 | D:5      | 3353 ||| Stepping ~*~*~tactically~*~*~ (stealth).
  3355 | D:5      | 3355 ||| Stepping ~*~*~tactically~*~*~ (hiding).
  3357 | D:5      | 3357 ||| Stepping ~*~*~tactically~*~*~ (hiding).
  3818 | D:5      | 3818 ||| Stepping ~*~*~tactically~*~*~ (stealth).
  3821 | D:5      | 3821 ||| Stepping ~*~*~tactically~*~*~ (hiding).
  3933 | D:5      | 3933 ||| UPGRADING to amulet of the acrobat.
  3938 | D:5      | 3938 ||| DROPPING ring of wizardry.
  3939 | D:5      | 3939 ||| DRINKING 3 golden potions.
  3940 | D:5      | 3940 ||| DRINKING 2 red potions.
  4068 | D:6      | Noticed Edmund
  4082 | D:6      | 4082 ||| INVOKING Fiery Armour.
  4083 | D:6      | Killed Edmund
  4084 | D:6      | Reached skill level 1 in Throwing
  4173 | D:6      | Found Guf Waymil's Lightly-Used Armoury.
  4273 | D:6      | Reached skill level 8 in Unarmed Combat
  4273 | D:6      | 4273 ||| Stepping ~*~*~tactically~*~*~ (outnumbered).
  4283 | D:6      | 4283 ||| Stepping ~*~*~tactically~*~*~ (outnumbered).
  4392 | D:6      | 4392 ||| READING scroll labelled CUNTYURUGE.
  4393 | D:6      | 4393 ||| DRINKING 2 fizzy blue potions.
  4394 | D:6      | 4394 ||| READING 3 scrolls of identify.
  4394 | D:6      | 4394 ||| IDENTIFYING grey potion
  4395 | D:6      | 4395 ||| READING 2 scrolls of identify.
  4395 | D:6      | 4395 ||| IDENTIFYING yellow potion
  4396 | D:6      | 4396 ||| DROPPING potion of invisibility.
  4397 | D:6      | 4397 ||| DROPPING potion of brilliance.
  4443 | D:7      | 4443 ||| FLEEEEING.
  4444 | D:7      | 4444 ||| FLEEEEING.
  4445 | D:7      | 4445 ||| FLEEEEING.
  4446 | D:7      | 4446 ||| FLEEEEING.
  4447 | D:7      | 4447 ||| FLEEEEING.
  4449 | D:7      | 4449 ||| STAIRDANCE
  4471 | D:7      | 4471 ||| STAIRDANCE
  4477 | D:7      | 4477 ||| STAIRDANCE
  4483 | D:7      | 4483 ||| STAIRDANCE
  4489 | D:6      | Reached skill level 3 in Fighting
  4498 | D:7      | 4498 ||| STAIRDANCE
  4508 | D:7      | 4508 ||| STAIRDANCE
  4540 | D:7      | 4540 ||| Stepping ~*~*~tactically~*~*~ (stealth).
  4548 | D:7      | 4548 ||| INVOKING Fiery Armour.
  4550 | D:7      | HP: 17/75 [poisoned by a water moccasin]
  4551 | D:7      | 4551 ||| DRINKING potion of heal wounds.
  4627 | D:7      | 4627 ||| DRINKING potion of curing.
  4627 | D:7      | 4627 ||| (to cure confusion)
  4640 | D:7      | HP: 17/75 [vampire/vampiric draining (16)]
  4642 | D:7      | HP: 5/75 [vampire/vampiric draining (9)]
  4644 | D:7      | Reached skill level 9 in Unarmed Combat
  4646 | D:7      | 4646 ||| FLEEEEING.
  4647 | D:7      | 4647 ||| FLEEEEING.
  4648 | D:7      | 4648 ||| FLEEEEING.
  4649 | D:7      | 4649 ||| FLEEEEING.
  4650 | D:7      | 4650 ||| FLEEEEING.
  4651 | D:7      | 4651 ||| INVOKING Fiery Armour.
  4654 | D:7      | HP: 11/75 [bullfrog (6)]
  4663 | D:7      | 4663 ||| FLEEEEING.
  4664 | D:7      | 4664 ||| FLEEEEING.
  4665 | D:7      | 4665 ||| FLEEEEING.
  4666 | D:7      | 4666 ||| FLEEEEING.
  4667 | D:7      | HP: 18/75 [kobold brigand/+0 short sword (1)]
  4669 | D:7      | Reached XP level 9. HP: 16/81 MP: 9/9
  4672 | D:7      | 4672 ||| STAIRDANCE
  4732 | D:6      | 4732 ||| READING scroll labelled YGREATZ EWAIT.
  4781 | D:7      | 4781 ||| Stepping ~*~*~tactically~*~*~ (stealth).
  4814 | D:7      | 4814 ||| Stepping ~*~*~tactically~*~*~ (stealth).
  5011 | D:7      | HP: 12/81 [something (13)]
  5013 | D:7      | Slain by a vampire

Levels and vault maps discovered:
D:1:      evilmike_arrival_fibonacci_small, layout_rooms,
          shapermc_ecumenical_altar_rom_forum, amcnicky_mini_corridor_feature
D:2:      layout_basic
D:3:      cheibrodos_helix_gallery, layout_basic, minmay_goblin_kobold_house
D:4:      layout_loops_cross, temple_fountains, serial_aquarium,
          aquarium_bridge_square [aquarium_subvault_bridge,
          aquarium_subvault_bridge, aquarium_subvault_bridge,
          aquarium_subvault_balcony], aquarium_window_3, aquarium_window_1,
          aquarium_window_fake, aquarium_window_1, aquarium_view_2c,
          aquarium_balcony_double_1, uniq_sigmund
D:5:      layout_basic, chequers_jeans, uniq_ijyb
D:6:      layout_basic, serial_park_tiny_2, minmay_shop_damaged, uniq_edmund
D:7:      hangedman_cross_stitches, layout_basic

Skill      XL: |  1  2  3  4  5  6  7  8 |
---------------+-------------------------+-----
Unarmed Combat | 4 5 6 7 9 |  9.1
Shields        | 2 4 6 |  6.7
Throwing       | 1 |  1.9
Fighting       | 3 |  3.1
Spellcasting   | |  1.0
Fire Magic     | |  2.1

Action                   |  1- 3 |  4- 6 |  7- 9 || total
-------------------------+-------+-------+-------++-------
Melee: Unarmed           |    83 |    68 |   212 ||   363
       Punch             |     2 |       |       ||     2
Throw: Boomerang         |       |       |     6 ||     6
Invok: Fiery Armour      |       |     1 |     4 ||     5
  Use: Scroll            |     5 |     4 |    11 ||    20
       Potion            |       |       |     5 ||     5
Armor: Robe              |    18 |    17 |    41 ||    76
Dodge: Dodged            |    32 |    32 |    58 ||   122
Block: Kite shield       |       |     5 |    70 ||    75

Table legend:
 A = Non-vault XP
 B = Vault XP
 C = Vault XP percentage of total XP
 D = Non-vault monster count
 E = Vault monster count
 F = Vault count percentage of total count
                 A         B        C        D         E       F
            +---------+---------+-------+---------+---------+-------
      Total |    1876 |    1088 |  36.7 |     102 |      17 |  14.3
            +---------+---------+-------+---------+---------+-------
        D:1 |      24 |       0 |   0.0 |      14 |       0 |   0.0
        D:2 |      40 |       0 |   0.0 |      11 |       0 |   0.0
        D:3 |     202 |      10 |   4.7 |      10 |       7 |  41.2
        D:4 |     457 |     226 |  33.1 |      19 |       1 |   5.0
        D:5 |     533 |      36 |   6.3 |      26 |       1 |   3.7
        D:6 |     416 |     158 |  27.5 |      14 |       1 |   6.7
        D:7 |     204 |     658 |  76.3 |       8 |       7 |  46.7
            +---------+---------+-------+---------+---------+-------
